Unix NetHack Version 3.7.0-66 Work-in-progress - last build Dec 26 2022 16:50:54 (55254d10815e23f0e7c0ebc937178fe17f3ffff8,branch:master). Game began 2023-01-04 05:35:43, ended 2023-01-05 17:48:06. Zega, lawful female dwarven Valkyrie 4 5--------- |.......| |.......| ------- |...@...| |%.%.. |...@...|5 ---- --..--------- | |.......| | ...%-- --%.%|...%...| |. ----|---- .| ...%..---...%|.%.%...| |.....4.5.....| 4 ......%-%%..%%%.._...| ---....&4...--- .....%..---%..%|...%%..| -----%----- ...%.%%-- --%.%|..%....| -.531.5.- ---%---- --%.--------- ..4%$ %.5 -------.%.| |.%. ....... |....%)...| ----- ...[... --...------- ...)%..--...?| ---%----...--- .... ......| ------------ Zega the Warrior St:25 Dx:17 Co:20 In:12 Wi:11 Ch:13 Lawful S:947258 Astral Plane $:0 HP:175(203) Pw:18(18) AC:-31 Xp:15/293439 T:36726 Lev Latest messages: You hit Death! You kill Death! The renegade Angel of Tyr points at you, then curses. Helge the Necromancer zaps a wand of magic missile! The magic missile hits the priest of Odin! The magic missile whizzes by you! The door absorbs the blast! The vampire zaps a wand of sleep! The sleep ray hits it. The sleep ray hits it. The invisible Angel of Tyr wields a long sword! The invisible Angel of Tyr zaps you with a magic missile! The magic missile whizzes by you! The magic missile misses the Angel of Odin. The priest of Odin picks up a mace. The priest of Odin picks up a scroll of create monster. The Angel of Moloch points at you, then curses. You hear a mumbled curse. The door opens. The vampire zaps a wand of sleep! The sleep ray hits it. The sleep ray hits it. "Go play leapfrog with a herd of unicorns!" You hear a mumbled curse. The priest of Odin picks up a robe. The Angel of Loki zaps you with a magic missile! The magic missile whizzes by you! The high priestess intones: "Pilgrim, you enter a sacred place!" The priest of Odin picks up a small shield. You stop. The high priestess of Tyr doesn't want to swap places. You hear a mumbled curse. You hear a mumbled curse. You hear a chugging sound. Death rises from the dead in a whirl of spectral skulls! You notice a black glow surrounding you. You feel a malignant aura surround you. There is a high altar to Tyr (lawful) here. What do you want to sacrifice? [m or ?*] m You offer the Amulet of Yendor to Tyr... An invisible choir sings, and you are bathed in radiance... The voice of Tyr thunders: "Mortal, thou hast done well!" "In return for thy service, I grant thee the gift of Immortality!" You ascend to the status of Demigoddess... Do you want your possessions identified? [ynq] (y) y Do you want to see your attributes? [ynq] (y) y Do you want an account of creatures vanquished? [ynaq] (y) y Do you want a list of species genocided and extinct? [ynq] (y) y Do you want to see your conduct and achievements? [ynq] (y) y Do you want to see the dungeon overview? [ynq] (y) y Inventory: Amulets y - an uncursed greased amulet of life saving (being worn) Weapons w - the blessed rustproof +6 Excalibur (weapon in hand) Armor X - a blessed greased +4 helmet (being worn) t - a blessed rustproof +4 pair of gauntlets of power (being worn) j - an uncursed greased fireproof +4 pair of speed boots (being worn) v - an uncursed greased +3 shield of reflection (being worn) S - a blessed fireproof +4 cloak of protection (being worn) A - a blessed greased +5 gray dragon scale mail (being worn) Comestibles H - 2 uncursed kebabs Y - an uncursed partly eaten food ration g - a cursed partly eaten lembas wafer x - an uncursed lizard corpse Rings e - an uncursed greased ring of conflict (on left hand) p - an uncursed +2 ring of increase damage O - an uncursed greased ring of levitation (on right hand) Wands E - a wand of cold (0:2) r - a wand of death (0:5) d - a wand of death (0:2) C - a cursed wand of death (1:1) B - a wand of digging (0:6) G - a wand of digging (0:5) c - a wand of digging (0:0) h - a wand of fire (0:1) F - a wand of lightning (0:2) o - a cursed wand of lightning (0:1) U - a cursed wand of magic missile (0:4) N - a wand of opening (0:5) f - a wand of secret door detection (0:7) W - a wand of sleep (0:2) Tools i - a blessed greased bag of holding containing 49 items M - an uncursed bugle b - an uncursed blindfold P - a blessed magic lamp D - a magic marker (0:54) Z - a magic marker (1:9) Q - the blessed greased Orb of Fate (0:0) a - a blessed greased rusty +3 pick-axe (alternate weapon; not wielded) q - an uncursed skeleton key z - a blessed stethoscope T - an uncursed towel s - a blessed +0 unicorn horn Gems/Stones k - a blessed luckstone Contents of the bag of holding: an uncursed amulet of flying an uncursed amulet of life saving an uncursed amulet of life saving an uncursed amulet of magical breathing an uncursed +0 helm of opposite alignment an uncursed burnt -1 pair of levitation boots an uncursed +0 pair of water walking boots 3 uncursed food rations 2 uncursed eggs 3 blessed scrolls of blank paper 6 cursed scrolls of blank paper an uncursed scroll of gold detection an uncursed scroll of magic mapping 4 blessed scrolls of remove curse a blessed scroll of scare monster 3 blessed scrolls of teleportation 4 uncursed scrolls of teleportation a cursed scroll of teleportation an uncursed potion of booze an uncursed potion of confusion an uncursed potion of extra healing an uncursed potion of fruit juice 3 uncursed potions of full healing 4 uncursed potions of gain level an uncursed potion of invisibility a blessed potion of object detection an uncursed potion of sickness a blessed potion of speed an uncursed potion of speed 9 potions of holy water an uncursed ring of conflict an uncursed ring of slow digestion a wand of cold (0:1) a wand of death (0:5) a wand of digging (0:8) a wand of digging (0:4) a wand of digging (0:3) a wand of enlightenment (0:11) a wand of fire (0:4) a wand of fire (0:0) a wand of magic missile (0:2) a blessed wand of opening (0:5) a blessed wand of polymorph (0:1) a wand of speed monster (0:2) a wand of teleportation (0:4) a wand of undead turning (2:6) a can of grease (0:1) an expensive camera (0:43) an uncursed wax candle Zega the Valkyrie's attributes: Background: You were a Warrior, a level 15 dwarven Valkyrie. You were lawful, on a mission for Tyr who was opposed by Odin (neutral) and Loki (chaotic). You were in the endgame, on the Astral Plane. You entered the dungeon 36726 turns ago. You had 293439 experience points, 26561 more were needed to attain level 16. Your score was 947258 before end-of-game adjustments. Basics: You had 175 out of 203 hit points. You had all 18 energy points (spell power). Your armor class was -31. Your wallet was empty. Autopickup was off. FinalCharacteristics: Your strength was 25 (base:18/98, innate limit:18/100). Your dexterity was 17 (limit:20). Your constitution was 20 (limit:20). Your intelligence was 12 (limit:16). Your wisdom was 11 (peak:14, limit:16). Your charisma was 13 (limit:16). Final Status: You were levitating. You were not hungry. You were unencumbered. You were wielding a long sword. You had expert skill with long sword. Final Attributes: You were piously aligned. You were magic-protected. You were fire resistant. You were cold resistant. You were sleep resistant. You were disintegration resistant. You were shock resistant. You were poison resistant. You were level-drain resistant. You saw invisible. You were warned. You had automatic searching. You had infravision. You were invisible to others. You were stealthy. You caused conflict. You were protected. You took half physical damage. You took half spell damage. You were very fast. You had reflection. Your life would have been saved. You were lucky. You had extra luck. Good luck did not time out for you. You survived. Miscellaneous: You disabled loading of bones levels. Total elapsed playing time was 10 hours, 3 minutes and 38 seconds. Major events: Turn 1: Zega the lawful dwarven Valkyrie entered the dungeon 443: entered the Gnomish Mines 544: attained the rank of Skirmisher (level 3) 1816: reached Mine Town 2144: made her first wish - "blessed greased fixed +2 gray dragon scale mail", got "a greased gray dragon scale mail" 2196: attained the rank of Fighter (level 6) 2656: signified by divine providence, was chosen to carry Excalibur 4191: entered Sokoban 4991: completed 2nd Sokoban level 5386: completed 3rd Sokoban level 6523: completed 4th Sokoban level 6665: acquired the Sokoban amulet of reflection 7101: performed her first genocide (class L) 9204: acquired the Mines' End luckstone 11777: attained the rank of Woman-at-arms (level 10) 17916: wished for "blessed greased fixed bag of holding", got "a greased bag" 18116: attained the rank of Warrior (level 14) 21503: genocided master mind flayers 22426: entered Gehennom 22791: wished for "marker", got "a magic marker" 23563: killed Medusa 25799: killed Lord Surtur 25811: found the Orb of Fate on the floor 25812: acquired the Bell of Opening 28164: wished for "2 holy charging", got "2 scrolls labeled ELAM EBOW" 28168: wished for "blessed greased fixed +2 speed boots", got "a greased pair of snow boots" 28460: wished for "blessed wand of polymorph", got "a zinc wand" 28578: wished for "blessed fixed ring of teleport control", got "a granite ring" 28738: wished for "blessed greased fixed +2 cloak of protection", got "a greased piece of cloth" 30404: killed the invisible Baalzebub 30525: killed the invisible Asmodeus 30814: killed Juiblex 31663: killed the invisible Orcus 33222: destroyed Vlad the Impaler 33223: acquired the Candelabrum of Invocation 34233: killed the Wizard of Yendor 34238: acquired the Book of the Dead 34397: performed the invocation 34407: killed the Wizard of Yendor (2nd time) 34538: killed the invisible high priest of Moloch 34541: acquired The Amulet of Yendor 35657: killed the Wizard of Yendor (3rd time) 36383: entered the Elemental Planes 36383: entered Plane of Earth 36384: killed the Wizard of Yendor (5th time) 36426: entered Plane of Air 36482: entered Plane of Fire 36533: entered Plane of Water 36573: entered the Astral Plane 36576: genocided mind flayers 36589: found Giantslayer carried by a monster 36592: killed Death 36627: killed Death (2nd time) 36649: killed Death (3rd time) 36696: killed Famine 36697: found Magicbane carried by a monster 36713: killed Death (5th time) 36726: ascended Vanquished creatures: Asmodeus Baalzebub Orcus Juiblex the Wizard of Yendor (6 times) Death (6 times) Famine Vlad the Impaler a high cleric Medusa 6 krakens a storm giant a glass golem 3 balrogs 3 purple worms a gold dragon a silver dragon 2 red dragons a white dragon 2 black dragons 3 blue dragons 4 green dragons 7 minotaurs a jabberwock Lord Surtur 2 baluchitheria a stone golem 6 Olog-hai a Nazgul 3 pit fiends a sandestin 4 hell hounds a displacer beast 4 titanotheres 3 trappers 5 genetic engineers a disenchanter 22 vampire leaders 5 skeletons 15 aligned clerics 3 captains 6 shades 2 clay golems a nurse 2 ice devils 2 nalfeshnees a lurker above 2 ettins 2 black puddings 20 vampires 2 lieutenants 31 ghosts a knight 3 queen bees 3 winged gargoyles 3 mind flayers 10 giant mimics 6 long worms a zruty 33 fire giants 6 ogre tyrants 6 ice trolls 9 rock trolls 5 umber hulks a flesh golem 3 elven monarchs 7 hezrous 4 bone devils 12 large mimics 3 wumpuses 2 fire vortices 8 stalkers an air elemental 3 fire elementals 3 earth elementals 4 water elementals 4 hill giants 5 giant mummies 2 xorns 13 giant zombies 6 elf-nobles 11 sergeants 7 barbed devils 3 vrocks 2 salamanders 6 wargs 3 winter wolves 5 hell hound pups 9 small mimics 2 glass piercers 3 warhorses 4 steam vortices 6 xans 2 ettin mummies 8 ogre leaders 6 quantum mechanics 14 trolls 2 wood golems an erinys 2 mariliths 4 sharks an electric eel a gelatinous cube 2 pyrolisks a large dog 2 freezing spheres 5 flaming spheres 4 shocking spheres a large cat 7 tigers 5 gargoyles 2 tengu 2 ochre jellies 3 leocrottas 2 energy vortices 8 mountain centaurs 7 stone giants 4 elf mummies a human mummy 3 red nagas a green slime a python 2 pit vipers 3 cobras 45 wraiths 18 ettin zombies 2 leather golems 12 Grey-elves 53 soldiers 10 amorous demons 4 horned devils 5 chameleons 4 crocodiles 47 giant beetles 3 quivering blobs 18 cockatrices 7 wolves 8 winter wolf cubs 5 lynxes a panther 10 gremlins 18 leprechauns 2 orc-captains an iron piercer a mumak 14 giant spiders a scorpion 2 horses 2 ice vortices 4 black lights 7 vampire bats a forest centaur an orc mummy 4 dwarf mummies 3 brown puddings 13 rust monsters 5 owlbears 2 yetis 5 gold golems 4 werewolves 7 Green-elves a piranha 7 giant eels 12 lizards a warrior 11 chickatrices a dingo 2 dogs 4 housecats 6 jaguars a blue jelly a white unicorn 3 gray unicorns 2 black unicorns 4 dust vortices 4 ravens 3 plains centaurs 4 gnome mummies 7 snakes 12 apes 11 human zombies 2 rope golems 6 Woodland-elves 43 soldier ants 112 fire ants 18 bugbears 2 imps 4 quasits a wood nymph 3 water nymphs 2 mountain nymphs 15 Mordor orcs 7 Uruk-hai an orc shaman 6 rock moles 4 ponies 2 fog clouds 7 yellow lights 2 violet fungi a gnome leader 4 gnomish wizards a kobold mummy 4 golden naga hatchlings 13 elf zombies 14 ghouls a straw golem 2 paper golems a jellyfish 32 giant ants 5 floating eyes 7 kittens a dwarf 2 homunculi a kobold leader 4 kobold shamans 10 hill orcs 4 rothes 2 rabid rats a centipede 2 giant bats 11 orc zombies 8 dwarf zombies 3 wererats a werejackal 10 iguanas 97 killer bees 4 acid blobs 4 coyotes a gas spore 6 hobbits 2 manes 3 large kobolds 14 hobgoblins 5 giant rats 2 cave spiders a yellow mold a red mold 11 gnomes 13 gnome zombies 10 geckos 14 jackals 3 goblins 7 sewer rats 6 grid bugs 5 lichens 18 kobold zombies 8 newts 1603 creatures vanquished. Genocided or extinct species: fire ants (extinct) mind flayers master mind flayers liches demiliches master liches arch-liches 6 species genocided. 1 species extinct. Voluntary challenges: You read items or engraved 123 times. You engraved Elbereth 14 times. You genocided 6 types of monsters. You used 8 wishes. You did not wish for any artifacts. You violated the special Sokoban rules twice. Achievements: You entered a shop. You entered the Gnomish Mines. You attained the rank of Skirmisher. You entered Minetown. You entered a temple. You attained the rank of Fighter. You entered Sokoban. You completed Sokoban. You completed the Gnomish Mines. You attained the rank of Woman-at-arms. You attained the rank of Warrior. You entered Gehennom. You defeated Medusa. You handled the Bell of Opening. You handled the Candelabrum of Invocation. You handled the Book of the Dead. You gained access to Moloch's Sanctum. You reached the Elemental Planes. You reached the Astral Plane. You delivered the Amulet of Yendor. You ascended! The Elemental Planes: Astral Plane: <- You are here. Some temples. Plane of Water: Plane of Fire: Plane of Air: Plane of Earth: The Dungeons of Doom: levels 1 to 28 Level 1: A grave. One way stairs up to The Elemental Planes. Level 2: A weapon shop, a fountain. Stairs down to The Gnomish Mines. Level 3: A sink. Level 4: A sink. Level 5: Oracle of Delphi. Level 6: Some shops, an altar to Tyr. Stairs up to Sokoban, level 5. Level 7: Level 8: A fountain, a sink. Level 9: A grave. Level 10: Level 11: Some fountains. Level 12: A fountain. Portal to The Quest. Level 13: An altar to Tyr, a grave. Level 14: Level 15: "stash1" A general store. Level 16: A bookstore, a fountain. Level 17: A primitive area. Level 18: An altar to Tyr, a fountain, a sink, a grave. Level 19: An altar, some fountains, a grave, a tree. Level 20: A fountain. Level 21: Level 22: "STASH2 inside chest" Level 23: Level 24: An altar to Tyr, a throne. Level 25: A fountain. Level 26: A fountain. Level 27: Level 28: The castle. Connection to Gehennom. Gehennom: levels 29 to 49 Level 29: A temple, many graves. Valley of the Dead. Level 30: Level 31: Level 32: Level 33: Level 34: Some fountains, a sink. Level 35: Level 36: Level 37: Stairs up to Vlad's Tower, level 36. Level 38: Level 39: "WIZARD LEVEL" Level 40: Level 41: Level 42: Some shops, an altar, many graves. Level 43: Level 44: Level 45: Level 46: Level 47: Level 48: Level 49: A temple, many graves. Moloch's Sanctum. The Gnomish Mines: levels 3 to 11 Level 3: Level 4: Level 5: Many shops, a temple, some fountains. Level 6: Level 7: Level 8: Level 9: Level 10: Level 11: A fountain. The Quest: levels 1 to 6 Level 1: A fountain. Completed quest for the Norn. Level 2: Level 3: Level 4: Level 5: Level 6: Sokoban: levels 5 up to 2 Level 2: Solved. Level 3: Solved. Level 4: Solved. Level 5: Unsolved. Vlad's Tower: levels 36 up to 34 Level 34: Level 35: Level 36: Farvel Zega the Demigoddess... You went to your reward with 1914016 points, Excalibur (worth 4000 zorkmids and 10000 points) The Orb of Fate (worth 3500 zorkmids and 8750 points) 3 amulets of life saving (worth 450 zorkmids), 1 amulet of magical breathing (worth 150 zorkmids), 1 amulet of flying (worth 150 zorkmids), and 0 pieces of gold, after 36726 moves. You were level 15 with a maximum of 203 hit points when you ascended.